 Dungeon Crawl Stone Soup version 0.31-a0-692-gf03d1854d5 (webtiles) character file.

Game seed: 12072632976718827942

39 qw the Shooter (level 3, -1/22 HPs)
             Began as a Gargoyle Hunter on Sept 6, 2023.
             Slain by a scorpion (2 damage)
             ... on level 2 of the Dungeon.
             The game lasted 00:00:26 (765 turns).

qw the Shooter (Gargoyle Hunter)                     Turns: 765, Time: 00:00:27

Health: -1/22      AC:  6    Str: 14    XL:     3   Next: 45%
Magic:  3/3        EV: 11    Int:  9    God:
Gold:   71         SH:  0    Dex: 15    Spells: 2/2 levels left

rFire   . . .        Y - +0 shortbow
rCold   . . .        (shield currently unavailable)
rNeg    + . .        c - +0 leather armour
rPois   inf          (no helmet)
rElec   +            (no cloak)
rCorr   .            (no gloves)
SInv    .            (no boots)
Will    .....        (no amulet)
Stlth   ++           (no ring)
HPRegen 0.23/turn    (no ring)
MPRegen 0.08/turn

%: no passive effects
@: no status effects
A: sickness immunity, AC +3, negative energy resistance 1, electricity
resistance, torment resistance 1, petrification resistance
a: no special abilities


You were on level 2 of the Dungeon.
You visited 1 branch of the dungeon, and saw 2 of its levels.

You collected 71 gold pieces.


Innate Abilities, Weirdness & Mutations

You are immune to sickness and miasma.
Your stone body is resilient. (AC +3)
You are immune to poison.
You resist negative energy. (rN+)
You are resistant to electric shocks. (rElec)
You are resistant to unholy torment.
You are immune to petrification.


   Skills:
 + Level 2.6 Fighting
 - Level 5.0 Ranged Weapons
 - Level 1.5 Dodging
 - Level 1.1 Stealth


You had 2 spell levels left.
You didn't know any spells.
Your spell library was empty.

Inventory:

Hand Weapons
 Y - a +0 shortbow (weapon)
Armour
 c - a +0 leather armour (worn)
Potions
 h - a potion of heal wounds {unknown}

Dungeon Overview and Level Annotations

Branches:
Dungeon (2/15)

Altars:
Wu Jian

Shops:
D:2 [


Message History

The jackal closely misses you.
The jackal bites you but does no damage.
The jackal barely misses you.
You shoot an arrow. The arrow barely misses the jackal.
The jackal bites you but does no damage. x2
You shoot an arrow. The arrow hits the jackal.
You kill the jackal!
The jackal closely misses you. The jackal barely misses you.
You shoot an arrow. The arrow hits the jackal.
You kill the jackal!
You start resting.
HP restored.
You now have 71 gold pieces (gained 10).
You see here a jackal corpse.
A scorpion comes into view.
You shoot an arrow. The arrow hits the scorpion!
The scorpion is heavily wounded.
You shoot an arrow. The arrow barely misses the scorpion.
The scorpion stings you but does no damage.
You shoot an arrow. The arrow hits the scorpion.
The scorpion is heavily wounded.
The scorpion stings you.
You shoot an arrow.
The arrow hits the scorpion but does no damage.
The scorpion is heavily wounded.
The scorpion stings you.
You shoot an arrow. The arrow hits the scorpion.
The scorpion is heavily wounded.
The scorpion stings you.
The scorpion stings you but does no damage.
You shoot an arrow. The arrow closely misses the scorpion.
The scorpion stings you.
You shoot an arrow. The arrow hits the scorpion.
The scorpion is severely wounded.
The scorpion stings you. x2
You shoot an arrow.
The arrow hits the scorpion but does no damage.
The scorpion is severely wounded.
The scorpion stings you.
You die...

#.. #.# #.# #.######
#.#....#
#.#.##.######
###.#.#........
#######..........####
#...@..#..#....#.#
#.#s####.........##
#. #...#......# ..
#..........#
.######...#......# #.
.............#.# #
#####.###....#.###
#........%%%......
#.###........#.###


You could see a scorpion.

Vanquished Creatures
  2 dart slugs (D:1)
  4 bats (D:1)
  5 endoplasms
  2 giant cockroaches (D:1)
  A goblin (D:1)
  4 jackals (D:2)
  A quokka (D:1)
  3 ball pythons (D:1)
  2 frilled lizards (D:1)
  5 kobolds
  3 rats
32 creatures vanquished.

Notes
Turn   | Place    | Note
-------+----------+-------------------------------------------
     0 | D:1      | qw the Gargoyle Hunter began the quest for the Orb.
     0 | D:1      | Reached XP level 1. HP: 12/12 MP: 1/1
     0 | D:1      | 0 ||| qw: Version: 0.3-a-76-g4403597
     0 | D:1      | 0 ||| qw: Game counter: 208
     0 | D:1      | 0 ||| qw: Melee chars always use a shield: true
     0 | D:1      | 0 ||| qw: God list: Okawaru
     0 | D:1      | 0 ||| qw: Allow faded altars: false
     0 | D:1      | 0 ||| qw: Do Orc after clearing Dungeon:15 true
     0 | D:1      | 0 ||| qw: Do second Lair branch before Depths: true
     0 | D:1      | 0 ||| qw: Lair rune preference: random
     0 | D:1      | 0 ||| qw: Goals: Normal
     0 | D:1      | 0 ||| PLANNING D:1-11
    31 | D:1      | You fall into a shaft and drop 1 floor!
    32 | D:2      | Found Ynkyllope's Antique Armour Shoppe.
    36 | D:2      | Found an ornate altar of the Wu Jian Council.
    39 | D:2      | 39 ||| SHOPLISTING pair of gloves (121 gold, have 9).
    39 | D:2      | 39 ||| SHOPLISTING ring mail (108 gold, have 9).
    39 | D:2      | 39 ||| SHOPLISTING runed robe (99 gold, have 9).
    72 | D:2      | 72 ||| DROPPING scroll of butterflies.
    76 | D:2      | 76 ||| FLEEEEING.
    77 | D:2      | 77 ||| FLEEEEING.
    78 | D:2      | 78 ||| STAIRDANCE
    88 | D:1      | Reached XP level 2. HP: 17/17 MP: 2/2
   265 | D:1      | Reached XP level 3. HP: 21/21 MP: 3/3
   450 | D:1      | Reached skill level 5 in Ranged Weapons
   572 | D:1      | 572 ||| READING scroll labelled KAKATEUSUM.
   573 | D:1      | 573 ||| READING scroll labelled WUHIOC PILA.
   574 | D:1      | 574 ||| READING scroll labelled TUUPNE ZOCATAE.
   575 | D:1      | 575 ||| READING scroll labelled PAHUDA AGGYG.
   579 | D:1      | 579 ||| READING scroll labelled ESIZIG HUUTESO.
   594 | D:1      | 594 ||| READING 3 scrolls labelled HOOMUZISUB.
   595 | D:1      | 595 ||| DROPPING 2 scrolls of revelation.
   757 | D:2      | Noticed a scorpion
   763 | D:2      | HP: 4/22 [scorpion (5)]
   764 | D:2      | HP: 1/22 [scorpion (2)]
   765 | D:2      | Slain by a scorpion

Levels and vault maps discovered:
D:1:      saegor_arrival_miasma, layout_rooms
D:2:      layout_basic, basic_altar, serial_shops,
          nicolae_shop_tiny_statue_garden, uniq_sigmund

Skill      XL: |  1  2  3 |
---------------+----------+-----
Ranged Weapons | 5 |  5.0
Fighting       | |  2.6
Dodging        | |  1.5
Stealth        | |  1.1

Action                     || total
---------------------------++-------
   Fire: Shortbow          ||   104
    Use: Scroll            ||     6
 Armour: Leather armour    ||    44
  Dodge: Dodged            ||    32

Table legend:
 A = Non-vault XP
 B = Vault XP
 C = Vault XP percentage of total XP
 D = Non-vault monster count
 E = Vault monster count
 F = Vault count percentage of total count
                 A         B        C        D         E       F
            +---------+---------+-------+---------+---------+-------
      Total |      56 |       0 |   0.0 |      32 |       0 |   0.0
            +---------+---------+-------+---------+---------+-------
        D:1 |      41 |       0 |   0.0 |      24 |       0 |   0.0
        D:2 |      15 |       0 |   0.0 |       8 |       0 |   0.0
            +---------+---------+-------+---------+---------+-------
